 Dungeon Crawl Stone Soup version 0.30-b1-5-g8e6c1be481 (webtiles) character file.

Game seed: 16835894965807092082

988 Jase the Chopper (level 7, -25/64 HPs)
             Began as a Minotaur Fighter on May 3, 2023.
             Was a Follower of Trog.
             Annihilated by an ogre
             ... wielding a +0 giant club
              (30 damage)
             ... on level 5 of the Dungeon.
             The game lasted 00:07:24 (4021 turns).

Jase the Chopper (Minotaur Fighter)                 Turns: 4021, Time: 00:07:24

Health: -25/64     AC: 13    Str: 23    XL:     7   Next: 97%
Magic:  15/15      EV:  7    Int:  5    God:    Trog [*.....]
Gold:   69         SH:  0    Dex:  9    Spells: 6/6 levels left

rFire   . . .        a - +0 war axe
rCold   . . .        (no shield)
rNeg    . . .        k - +0 plate armour
rPois   +            (helmet restricted)
rElec   .            (no cloak)
rCorr   .            (no gloves)
SInv    .            (no boots)
Will    .....        w - amulet of faith Stlth
                     g - ring of poison resistance
HPRegen 0.30/turn    s - ring of magical power
MPRegen 0.14/turn

%: faith
@: on berserk cooldown, slowed, very slow
A: horns 2, retaliatory headbutt
a: Renounce Religion, Berserk


You were on level 5 of the Dungeon.
You worshipped Trog.
Trog was aware of your devotion.
You visited 1 branch of the dungeon, and saw 5 of its levels.

You collected 258 gold pieces.
You spent 189 gold pieces at shops.

Inventory:

Hand Weapons
 a - a +0 war axe (weapon)
Missiles
 n - 6 poisoned darts (quivered)
Armour
 k - a +0 plate armour (worn)
Jewellery
 g - a ring of poison resistance (left hand)
 s - a ring of magical power (right hand)
 w - an amulet of faith (around neck)
Wands
 A - a wand of flame (20)
Scrolls
 b - 3 scrolls of teleportation {unknown}
 h - a scroll of brand weapon {unknown}
 i - 9 scrolls of identify {unknown}
 l - a scroll of silence {unknown}
 p - 2 scrolls of poison {unknown}
 q - a scroll of fog {unknown}
 t - a scroll of enchant armour {unknown}
 v - a scroll of summoning
 y - a scroll of enchant weapon {unknown}
 z - a scroll of blinking {unknown}
Potions
 c - 2 potions of attraction {unknown}
 d - 2 potions of might
 e - 2 potions of resistance {unknown}
 f - 3 potions of lignification {unknown}
 j - 4 potions of curing
 m - a potion of berserk rage {unknown}
 o - 2 potions of haste {unknown}
 r - 3 potions of cancellation {unknown}
 u - a potion of flight {unknown}
 x - a potion of heal wounds {unknown}


   Skills:
 + Level 6.7 Fighting
 * Level 7.8 Axes
 + Level 6.7 Armour
 - Level 3.6 Shields


You had 6 spell levels left.
You didn't know any spells.
Your spell library contained the following spells:

 Spells                   Type           Power      Damage    Failure   Level
 Magic Dart               Conj           0%         1d3       100%        1
 Searing Ray              Conj           0%         2d4       100%        2
 Fulminant Prism          Conj/Hex       0%         3d5       100%        4


Dungeon Overview and Level Annotations

Branches:
Dungeon (5/15)
 Temple: D:4-7

Altars:
Hepliaklqana
Okawaru
Trog
Xom

Shops:
D:1 [   D:2 *


Innate Abilities, Weirdness & Mutations

You have a pair of horns on your head.
You reflexively headbutt those who attack you in melee.


Message History

The steam dragon is moderately wounded.
An ogre comes into view. It is wielding a +0 giant club.
The steam dragon bites you but does no damage.
The steam dragon barely misses you.
You slash the steam dragon!
The steam dragon is severely wounded.
The steam dragon breathes steam at you. The ball of steam hits you.
You hear a bark!
You slash the steam dragon!
You kill the steam dragon!
Trog accepts your kill.
You are engulfed in a cloud of scalding steam.
The jelly barely misses you. You furiously retaliate!
You headbutt the jelly!
There is an open door, spattered with blood here.
You see here an iguana corpse.
You slash the jelly!
Your hands burn!
The jelly is almost dead.
You are engulfed in a cloud of scalding steam.
You are no longer berserk.
You are exhausted.
You feel yourself slow down. The jelly barely misses you.
You hit the jelly.
Your hands burn!
The jelly is almost dead.
The jelly hits you but does no damage.
You slash the jelly!
You kill the jelly!
Trog accepts your kill.
You closely miss the ogre. The ogre hits you with a +0 giant club!
The ogre barely misses you. You furiously retaliate!
You headbutt the ogre! You barely miss the ogre.
The ogre is heavily wounded.
The ogre hits you with a +0 giant club!
* * * LOW HITPOINT WARNING * * *
You closely miss the ogre.
The ogre is heavily wounded.
You are engulfed in a cloud of scalding steam.
* * * LOW HITPOINT WARNING * * *
The ogre hits you with a +0 giant club!!
You die...

.#.#.#.......####.#.#########.#.#
#.#.#........# #...# #.#.#
.#.#.######### ###..# #.#.#
#.#.#.# ##. ..#..# #.#)# .#.#.##
'.# #.#..#########.#)# #.#.#.#
..#..#............#.# .#.#.## #
#.#.#.#..###.#######.# #.#.#.#
..#...O.#..............# .#.#.##
######@##..##.######..# #.#.#.#
#...)..##....# #..# .#.#.##
#.#§.#.####..# #..# ######
#..##..# ##.# #..# # # #..##.÷#
#.#### #..# # +..#.#..#.# #....#
#..# #### #.D#......# #....# #...
...##############.# ###..####.#
##.....### #.# #.>.....#


You could see an ogre.

Vanquished Creatures
  A steam dragon (D:5)
  An orc warrior (D:5)
  An ogre (D:5)
  A centaur (D:5)
  A phantom (D:5)
  2 scorpions (D:5)
  A jelly (D:5)
  A gnoll bouda (D:3)
  A hound (D:5)
  A sleepcap (D:4)
  2 iguanas (D:5)
  8 gnolls
  4 adders
  A shadow imp (D:5)
  A worm (D:2)
  4 dart slugs
  4 orcs
  6 bats
  6 endoplasms
  4 giant cockroaches
  14 goblins
  10 hobgoblins
  7 jackals
  6 quokkas
  8 ball pythons
  6 frilled lizards
  5 kobolds
  10 rats
117 creatures vanquished.

Notes
Turn   | Place    | Note
-------+----------+-------------------------------------------
     0 | D:1      | Jase the Minotaur Fighter began the quest for the Orb.
     0 | D:1      | Reached XP level 1. HP: 19/19 MP: 0/0
    89 | D:1      | Reached XP level 2. HP: 23/27 MP: 1/1
   184 | D:1      | Reached skill level 3 in Axes
   317 | D:1      | Reached XP level 3. HP: 31/33 MP: 2/2
   425 | D:1      | Found Turism's Antique Armour Shop.
   744 | D:2      | Reached XP level 4. HP: 41/41 MP: 3/3
   795 | D:2      | Found Fakyciw's General Store.
   811 | D:2      | Bought a potion of curing for 42 gold pieces
   811 | D:2      | Bought a scroll of noise for 14 gold pieces
  1565 | D:3      | Found a hazy altar of Hepliaklqana.
  1566 | D:3      | Found a shimmering altar of Xom.
  1568 | D:3      | Noticed a spectral ugly thing
  1733 | D:3      | Found a bloodstained altar of Trog.
  1771 | D:3      | Became a worshipper of Trog the Wrathful
  1871 | D:3      | Reached skill level 4 in Axes
  1951 | D:4      | Reached XP level 5. HP: 47/47 MP: 4/4
  1964 | D:4      | Reached skill level 5 in Armour
  1973 | D:3      | Reached skill level 5 in Fighting
  2227 | D:2      | Bought a scroll of summoning for 133 gold pieces
  2315 | D:4      | Reached skill level 5 in Axes
  2571 | D:4      | Reached * piety under Trog
  2729 | D:5      | Entered Level 5 of the Dungeon
  2801 | D:5      | Reached XP level 6. HP: 48/56 MP: 5/5
  3180 | D:5      | Found an iron altar of Okawaru.
  3187 | D:5      | Reached skill level 6 in Axes
  3277 | D:5      | Noticed an orc warrior
  3290 | D:5      | Killed an orc warrior
  3291 | D:5      | Reached XP level 7. HP: 6/62 MP: 6/6
  3720 | D:5      | Noticed a steam dragon
  3929 | D:5      | Reached skill level 7 in Axes
  4015 | D:5      | Killed a steam dragon
  4021 | D:5      | Annihilated by an ogre

Illustrated notes

Levels and vault maps discovered:
D:1:      eino_arrival_cavern_b, layout_rooms, serial_shops,
          nicolae_shop_hallway_plus, minmay_cut_off
D:2:      layout_rooms, serial_shops, shop, minmay_randomly_rotated_circles
D:3:      layout_basic, mainiacjoe_overflow_brackets,
          regret_index_temple_of_mockery, minmay_goblin_outpost
D:4:      layout_gridville
D:5:      minmay_clustersquares, layout_basic, okawaru_gym_becter

Skill      XL: |  1  2  3  4  5  6  7 |
---------------+----------------------+-----
Fighting       | 4 5 6 |  6.7
Axes           | 3 4 5 6 7 |  7.8
Armour         | 4 5 6 |  6.7
Shields        | |  3.6

Action                     |  1- 3 |  4- 6 |  7- 9 || total
---------------------------+-------+-------+-------++-------
  Melee: War axe           |    85 |   147 |    45 ||   277
         Headbutt          |     9 |    21 |     7 ||    37
         Punch             |       |     1 |       ||     1
 Invoke: Berserk           |       |       |     2 ||     2
    Use: Potion            |       |     1 |       ||     1
 Armour: Scale mail        |    50 |       |       ||    50
         Plate armour      |     8 |   119 |    26 ||   153
  Dodge: Dodged            |    52 |    68 |    12 ||   132
